 Dungeon Crawl Stone Soup version 0.31-a0-466-g98c9adc2b6 (webtiles) character file.

Game seed: 2846402657875739497

46 zazu2006 the Cudgeller (level 3, 0/31 HPs)
             Began as a Gnoll Wanderer on Aug 5, 2023.
             Slain by a goblin
             ... wielding a +0 club
             ... led by Robin
              (5 damage)
             ... on level 2 of the Dungeon.
             The game lasted 00:01:33 (885 turns).

zazu2006 the Cudgeller (Gnoll Wanderer)              Turns: 885, Time: 00:01:33

Health: 0/31       AC:  4    Str: 13    XL:     3   Next: 66%
Magic:  5/5        EV: 12    Int: 12    God:
Gold:   91         SH:  0    Dex: 10    Spells: 3/3 levels left

rFire   . . .        a - +2 mace
rCold   . . .        (no shield)
rNeg    . . .        e - +0 leather armour
rPois   .            (no helmet)
rElec   .            c - +0 cloak
rCorr   .            (no gloves)
SInv    .            (no boots)
Will    .....        (no amulet)
Stlth   ++           (no ring)
HPRegen 0.25/turn    (no ring)
MPRegen 0.09/turn

%: no passive effects
@: no status effects
A: fangs 1, strong nose, distributed training
a: no special abilities


You were on level 2 of the Dungeon.
You visited 1 branch of the dungeon, and saw 2 of its levels.

You collected 91 gold pieces.

Inventory:

Hand Weapons
 a - a +2 mace (weapon)
 b - a +0 spear
Armour
 c - a +0 cloak (worn)
 e - a +0 leather armour (worn)
Scrolls
 d - a scroll of teleportation
 f - a scroll of fog {unknown}
 i - a scroll of identify {unknown}
 k - a scroll of noise {unknown}
Potions
 g - a potion of invisibility {unknown}
 h - a potion of might {unknown}
 j - a potion of lignification {unknown}


   Skills:
 + Level 4.5 Fighting
 + Level 0.9 Short Blades
 + Level 0.9 Long Blades
 + Level 0.9 Axes
 + Level 6.5 Maces & Flails
 + Level 2.6 Polearms
 + Level 0.9 Staves
 + Level 0.9 Ranged Weapons
 + Level 0.9 Throwing
 + Level 2.6 Armour
 + Level 2.6 Dodging
 + Level 2.4 Stealth
 + Level 0.9 Shields
 + Level 0.9 Unarmed Combat
 + Level 0.9 Spellcasting
 + Level 0.6 Conjurations
 + Level 0.6 Hexes
 + Level 0.6 Summonings
 + Level 0.6 Necromancy
 + Level 0.6 Translocations
 + Level 0.6 Transmutations
 + Level 0.6 Fire Magic
 + Level 0.6 Ice Magic
 + Level 0.6 Air Magic
 + Level 0.6 Earth Magic
 + Level 0.6 Poison Magic
 + Level 2.7 Invocations
 + Level 0.9 Evocations
 + Level 0.6 Shapeshifting


You had 3 spell levels left.
You didn't know any spells.
Your spell library contained the following spells:

 Spells                   Type           Power      Damage    Failure   Level
 Scorch                   Fire           4%         2d5       41%         2
 Flame Wave               Conj/Fire      2%         2d4       96%         4
 Summon Cactus Giant      Summ           1%         N/A       100%        6


Dungeon Overview and Level Annotations

Branches:
Dungeon (2/15)

Altars:

Annotations:
D:2 Robin


Innate Abilities, Weirdness & Mutations

You have very sharp teeth.
Your uncanny sense of smell can sniff out nearby items.
Your experience applies equally to all skills.


Message History

You hear a shout! x2; You hear an angry hiss.
You hear a shout! x2
The goblin hits you with a +0 dagger.
A hobgoblin comes into view.
You sock the goblin!
You kill the goblin!
You hit Robin.
Robin is moderately wounded.
Robin hits you with a +0 mace.
An adder comes into view.
A goblin comes into view. It is wielding a +0 club.
Robin throws the goblin at you! The goblin closely misses you.
You closely miss Robin. You bite Robin.
Robin is heavily wounded.
The goblin closely misses you. Robin closely misses you.
You hit Robin.
Robin is severely wounded.
Robin hits you but does no damage. The goblin misses you.
You closely miss Robin.
Robin is severely wounded.
A dart slug comes into view.
Robin hits you with a +0 mace. The goblin hits you with a +0 club.
A hobgoblin comes into view.
You hit Robin but do no damage.
Robin is severely wounded.
Robin hits you with a +0 mace. The goblin barely misses you.
You hit Robin.
Robin is almost dead.
A goblin comes into view. It is wielding a +0 dagger.
Robin hits you but does no damage. The goblin closely misses you.
You hit Robin but do no damage. Your punch misses Robin.
Robin is almost dead.
Robin roars a battlecry!
The goblins go into a battle-frenzy!
The goblin closely misses you.
You hit Robin but do no damage.
Robin is almost dead.
Robin hits you with a +0 mace.
* * * LOW HITPOINT WARNING * * *
The goblin hits you with a +0 club.
You die...

##########
.........#
########.# #.#
#.######
#<##...######
#######.##.#ggg@g.#
$..........gwS###.#
#######.###.#.# #
#.# #.#.# #.# #.#g#
#.# #J#g# ... #..#.
... ..# # ... ##.


You could see Robin, an adder, a dart slug, a hobgoblin (strong) and 3 goblins.

Vanquished Creatures
  An adder (D:2)
  3 endoplasms
  A giant cockroach (D:1)
  8 goblins
  2 kobolds (D:1)
  4 quokkas (D:1)
  6 ball pythons (D:1)
  3 bats (D:1)
  3 frilled lizards (D:1)
  2 rats (D:1)
33 creatures vanquished.

Notes
Turn   | Place    | Note
-------+----------+-------------------------------------------
     0 | D:1      | zazu2006 the Gnoll Wanderer began the quest for the Orb.
     0 | D:1      | zazu2006 set off with the following items: a +2 mace, a +0
                  | spear, a +0 cloak, a scroll of teleportation, a +0 leather
                  | armour.
     0 | D:1      | Reached XP level 1. HP: 20/20 MP: 2/2
    53 | D:1      | Reached XP level 2. HP: 22/26 MP: 3/3
   333 | D:1      | You fall into a shaft and drop 1 floor!
   514 | D:1      | Reached XP level 3. HP: 31/31 MP: 4/4
   874 | D:2      | Noticed Robin
   885 | D:2      | Slain by a goblin

Illustrated notes

Levels and vault maps discovered:
D:1:      spicycebolla_arrival_clurvy, layout_basic
D:2:      layout_loops_ring, uniq_robin

Action                     || total
---------------------------++-------
  Melee: Mace              ||    97
         Bite              ||     7
         Punch             ||     1
   Stab: Sleeping          ||     3
 Armour: Leather armour    ||    21
  Dodge: Dodged            ||    48

Table legend: (Time is in decaauts)
 A = Elapsed time spent in this place.
 B = Non-inter-level travel time spent in this place.
 C = Inter-level travel time spent in this place.
 D = Time resting spent in this place.
 E = Time spent auto-exploring this place.
 F = Levels seen in this place.
 G = Mean time per level.
                   A        B        C        D        E       F      G
               +--------+--------+--------+--------+--------+-----+--------+
         Total |    892 |    878 |     14 |      0 |    660 |   2 |  446.0 |
       Dungeon |    892 |    878 |     14 |      0 |    660 |   2 |  446.0 |
               +--------+--------+--------+--------+--------+-----+--------+

Top non-repeatable levels by time:
     D:1: 815 daAuts
     D:2: 77 daAuts
